 Dungeon Crawl Stone Soup version 0.30.0-17-ge0270778cf (webtiles) character file.

Game seed: 2166925957693737434

119 domveit2 the Trooper (level 5, -2/48 HPs)
             Began as a Hill Orc Fighter on May 23, 2023.
             Splashed by a jelly's acid (4 damage)
             ... on level 2 of the Dungeon.
             The game lasted 00:06:58 (1554 turns).

domveit2 the Trooper (Hill Orc Fighter)             Turns: 1554, Time: 00:06:59

Health: -2/48      AC: -10   Str: 21      XL:     5   Next: 3%
Magic:  0/5        EV:  9    Int:  7 (8)  God:
Gold:   57         SH:  4    Dex: 10      Spells: 4/4 levels left

rFire   . . .        a - +0 war axe
rCold   . . .        c - +0 buckler
rNeg    . . .        b - +0 scale mail
rPois   .            (no helmet)
rElec   .            (no cloak)
rCorr   .            n - +0 pair of gloves
SInv    .            l - +0 pair of boots
Will    .....        f - amulet of guardian spirit Stlth
                     (no ring)
HPRegen 0.28/turn    (no ring)
MPRegen 0.09/turn

%: guardian spirit
@: mighty, corroded
A: no striking features
a: no special abilities


You were on level 2 of the Dungeon.
You visited 1 branch of the dungeon, and saw 2 of its levels.

You collected 57 gold pieces.

Inventory:

Hand Weapons
 a - a +0 war axe (weapon)
Missiles
 j - 5 boomerangs (quivered)
Armour
 b - a +0 scale mail (worn)
 c - a +0 buckler (worn)
 h - a +0 kite shield
 l - a +0 pair of boots (worn)
 n - a +0 pair of gloves (worn)
Jewellery
 f - an amulet of guardian spirit (around neck)
Scrolls
 e - a scroll of acquirement {unknown}
 i - a scroll of identify
Potions
 g - a potion of lignification {unknown}
 k - 2 potions of mutation
 m - a potion of brilliance


   Skills:
 * Level 5.0 Fighting
 + Level 3.7 Axes
 + Level 4.0 Armour
 + Level 4.0 Shields


You had 4 spell levels left.
You didn't know any spells.
Your spell library contained the following spells:

 Spells                   Type           Power      Damage    Failure   Level
 Kiss of Death            Conj/Necr      0%         2d5       83%         1
 Confusing Touch          Hex            0%         N/A       99%         3
 Gell's Gravitas          Tloc           0%         N/A       99%         3
 Teleport Other           Tloc           0%         N/A       99%         3
 Dispel Undead            Necr           0%         3d6       100%        4
 Dispersal                Tloc           0%         N/A       100%        6


Dungeon Overview and Level Annotations

Branches:
Dungeon (2/15)

Altars:

Shops:
D:2 *


Message History

You slash the jelly!
Your hands burn!
The jelly is almost dead.
The jelly hits you but does no damage. The jelly hits you.
The acid corrodes you!
You are splashed with acid!
You hit the jelly.
You kill the jelly!
You feel your strength returning.
You hit the jelly but do no damage. The acid corrodes you!
Your hands burn!
The jelly barely misses you.
You hit the jelly but do no damage. The acid corrodes you!
Your hands burn!
The jelly hits you.
You are splashed with acid.
* * * LOW HITPOINT WARNING * * *
The jelly barely misses you.
You are too injured to fight recklessly!
You are too injured to fight recklessly!
You feel very mighty all of a sudden. You block the jelly's attack.
The jelly attacks as you move away! You block the jelly's attack.
You hit the jelly but do no damage.
Your hands burn!
* * * LOW HITPOINT WARNING * * *
The jelly barely misses you.
You slash the jelly!
Your hands burn!
* * * LOW HITPOINT WARNING * * *
The jelly is severely wounded.
The jelly closely misses you.
You slash the jelly!
You kill the jelly!
The jelly hits you.
* * * LOW HITPOINT WARNING * * *
The acid corrodes you!
You are splashed with acid.
* * * LOW HITPOINT WARNING * * *
You feel your intelligence returning.
Your Fighting skill increases to level 5!
Your Armour skill increases to level 4!
Your Shields skill increases to level 4!
You have reached level 5!
You feel stronger.
You barely miss the jelly. The jelly barely misses you.
You hit the jelly but do no damage.
Your hands burn!
You die...

###.# ###'''###.......... ....#
##...#####..####.. ##.## ###
##.....####....>... ##.#
##.###.......##.....†...
##.#######.#.##.).....###...####.
.>..........###.......# #...####.
#...####)##.# #.......# #.......>
..#<.)......# ####....# ##..####.
#...####.##.###J@'....# #.#.# #.
##.## ##.#.##J######## ###.# #.
##.# ##..###.J)J.J## #.# #. ##.#
##.# #######'# ###.####. ##.# #.#
.PJJJJ...##........ ...# #.#
.........####.##### #### #.#
.J......÷####)# ...# ##.#
.P.÷J....##...# ##.#######..#
÷.....÷..######


You could see a jelly and an endoplasm.

Vanquished Creatures
  2 jellies (D:2)
  An adder (D:2)
  A worm (D:2)
  2 dart slugs (D:1)
  4 bats
  5 endoplasms
  A giant cockroach (D:2)
  3 goblins
  5 hobgoblins
  A quokka (D:1)
  2 ball pythons
  3 frilled lizards
  10 kobolds
  4 rats
44 creatures vanquished.

Notes
Turn   | Place    | Note
-------+----------+-------------------------------------------
     0 | D:1      | domveit2 the Hill Orc Fighter began the quest for the Orb.
     0 | D:1      | Reached XP level 1. HP: 19/19 MP: 1/1
     4 | D:1      | Found a faded altar of an unknown god.
   217 | D:1      | Reached XP level 2. HP: 27/27 MP: 2/2
   339 | D:1      | Reached skill level 4 in Fighting
   910 | D:2      | Reached XP level 3. HP: 33/33 MP: 3/3
   954 | D:2      | Found Foqare's General Store.
  1525 | D:2      | Reached XP level 4. HP: 41/41 MP: 4/4
  1552 | D:2      | HP: 1/41 [acid (6)]
  1553 | D:2      | Reached skill level 5 in Fighting
  1553 | D:2      | Reached XP level 5. HP: 1/48 MP: 0/5
  1554 | D:2      | Splashed by a jelly's acid

Illustrated notes

Levels and vault maps discovered:
D:1:      giann_horns, layout_basic, chequers_ecumenical_altar_simple
D:2:      cheibrodos_fertilizer, layout_loops_ring, serial_shops,
          nicolae_shop_statue_plus

Skill      XL: |  1  2  3  4 |
---------------+-------------+-----
Fighting       | 4 5 |  5.0
Axes           | 3 |  3.7
Armour         | 4 |  4.0
Shields        | 4 |  4.0

Action                     |  1- 3 |  4- 6 || total
---------------------------+-------+-------++-------
  Melee: War axe           |   141 |    13 ||   154
  Throw: Boomerang         |     1 |       ||     1
    Use: Scroll            |     6 |       ||     6
         Potion            |     2 |     1 ||     3
 Armour: Scale mail        |    68 |     3 ||    71
  Dodge: Dodged            |    68 |     6 ||    74
  Block: Buckler           |    31 |     5 ||    36
